 Dungeon Crawl Stone Soup version 0.31-a0-232-gb1c03b2570 (webtiles) character file.

Game seed: 684921845224657540

23803 qw the Marksgargoyle (level 13, -8/82 HPs)
             Began as a Gargoyle Hexslinger on July 7, 2023.
             Was an Elder of Okawaru.
             Mangled by a cane toad (12 damage)
             ... on level 2 of the Lair of Beasts.
             The game lasted 00:06:41 (12044 turns).

qw the Marksgargoyle (Gargoyle Hexslinger)         Turns: 12044, Time: 00:06:42

Health: -8/82      AC: 25    Str: 11    XL:     13   Next: 9%
Magic:  20/20      EV: 20    Int: 16    God:    Okawaru [****..]
Gold:   616        SH:  5    Dex: 22    Spells: 13/14 levels left

rFire   . . .        Y - +0 orcbow (freeze)
rCold   . . .        (shield currently unavailable)
rNeg    + . .        l - +0 troll leather armour
rPois   inf          (no helmet)
rElec   +            p - +1 cloak
rCorr   .            (no gloves)
SInv    .            e - +2 pair of boots
Will    .....        c - amulet of reflection
Stlth   +++          f - +4 ring of protection
HPRegen 1.13/turn    a - +6 ring of dexterity
MPRegen 0.17/turn

%: reflection
@: heroic, slowed, very slow
A: sickness immunity, AC +9, negative energy resistance 1, electricity
resistance, torment resistance 1, petrification resistance
a: Renounce Religion, Heroism, Finesse


You were on level 2 of the Lair of Beasts.
You worshipped Okawaru.
Okawaru was greatly pleased with you.
You visited 2 branches of the dungeon, and saw 13 of its levels.

You collected 678 gold pieces.
You spent 62 gold pieces at shops.


Innate Abilities, Weirdness & Mutations

You are immune to sickness and miasma.
Your stone body is resilient. (AC +9)
You are immune to poison.
You resist negative energy. (rN+)
You are resistant to electric shocks. (rElec)
You are resistant to unholy torment.
You are immune to petrification.


   Skills:
 - Level 10.0(15.0) Fighting
 + Level 15.5(20.5) Ranged Weapons
 - Level 4.4(9.4) Armour
 - Level 6.0(11.0) Dodging
 - Level 1.0 Spellcasting
 - Level 2.6 Hexes
 - Level 10.0 Invocations


You had 13 spell levels left.
You knew the following spells:

 Your Spells              Type           Power      Damage    Failure   Level
a - Slow                  Hex            36%        N/A       10%         1

Your spell library contained the following spells:

 Spells                   Type           Power      Damage    Failure   Level
 Inner Flame              Hex/Fire       5%         N/A       43%         3
 Portal Projectile        Hex/Tloc       10%        N/A       43%         3
 Cause Fear               Hex            4%         N/A       67%         4

Inventory:

Hand Weapons
 o - a +2 antimagic orcbow
 Y - a +0 orcbow of freezing (weapon)
Armour
 e - a +2 pair of boots (worn)
 l - a +0 troll leather armour (worn)
 m - a +0 ring mail of fire resistance
 p - a +1 cloak (worn)
Jewellery
 a - a +6 ring of dexterity (right hand)
 c - an amulet of reflection (around neck)
 f - a +4 ring of protection (left hand)
Scrolls
 j - 7 scrolls of identify
Potions
 d - 3 potions of enlightenment
 g - a potion of mutation
 h - 9 potions of curing
 i - a potion of resistance
 k - a potion of magic
 n - 4 potions of might

Dungeon Overview and Level Annotations

Branches:
Dungeon (10/15)            Temple (0/1) D:5            Lair (3/5) D:10
  Snake (0/4) Lair:2          Orc (0/2) D:10
  Swamp: Lair:2-3    Shoals: Lair:2-3

Altars:
Cheibriados
Elyvilon
Hepliaklqana
Kikubaaqudgha
Makhleb
Nemelex Xobeh
Okawaru
Qazlal
Sif Muna
Trog
Vehumet
Xom

Shops:
D:2 ?:!(*

Annotations:
D:10 4 transporters
Lair:2 1 runed translucent door, exclusions: lava snake and 8 salamanders


Message History

Enter note:
Enter note:
Enter note:
Enter note:
Enter note:
Enter note:
Enter note:
Enter note:
Enter note:
Enter note:
12041 ||| DRINKING potion of heal wounds.
You feel much better. The black bear closely misses you.
The black bear completely misses you. You block the black bear's attack.
The death yak barely misses you. You block the cane toad's attack.
The black bear bites you but does no damage.
The black bear claws you but does no damage. x2
The death yak gores you. The death yak closely misses you.
The torpor snail closely misses you.
You shoot an arrow. The arrow hits the death yak!
The arrow freezes the death yak.
The death yak is moderately wounded.
The cane toad misses you.
The black bear bites you but does no damage.
The black bear claws you but does no damage. x2
The death yak gores you but does no damage.
The death yak misses you. The cane toad misses you.
You shoot an arrow. The arrow hits the death yak.
The arrow freezes the death yak.
The death yak is moderately wounded.
The torpor snail bites you but does no damage.
The black bear bites you but does no damage.
The black bear claws you but does no damage.
The black bear misses you. The cane toad stings you!
You block the death yak's attack. The death yak gores you!
You shoot an arrow. The arrow hits the death yak!
The arrow freezes the death yak.
The death yak is heavily wounded.
The cane toad stings you!
You die...

#.##.##......#.#..#..............
......###+###..............?.....
.....##.....#...................#
#............#....#######.....)##
##...#.#..........# ...#.......#
##..##.#.8.#.#....# ~~~+......#.
#...##.#.....#....# ...#........
##..##.......#..FY#######..#...##
##..###.....##..@h.##.....#....##
#....##.#+#....wY.##...........#
##..###....##.......#.....#......
....###...###......##..........##
...............<....####P.##...##
.......>............###PPP.#....#
.................................
.................................
.................................


You could see 2 death yaks, a torpor snail, a cane toad and a black bear.

Vanquished Creatures
  Snorg (D:10)
  Fannar (Lair:2)
  A hydra (Lair:2)
  2 catoblepae
  A boulder beetle (Lair:1)
  A death yak (Lair:3)
  8 elephants (Lair:2)
  A salamander (Lair:2)
  Joseph (D:10)
  2 black mambas (Lair:2)
  4 cane toads
  An unseen horror (D:10)
  A rime drake (Lair:1)
  3 komodo dragons
  2 trolls
  5 hornets
  Prince Ribbit (D:5)
  3 blink frogs (Lair:1)
  A ynoxinul (D:9)
  2 wyverns
  2 basilisks (Lair:2)
  3 steam dragons
  23 yaks
  2 acid dragons (D:9)
  3 water moccasins
  4 orc warriors
  4 black bears
  A sky beast (D:7)
  2 ice beasts
  13 wolves
  7 centaurs
  3 kobold brigands
  8 scorpions
  2 gnoll sergeants
  13 bullfrogs
  7 wights
  6 killer bees (D:9)
  2 howler monkeys
  A crimson imp (D:6)
  3 jellies
  9 orc priests
  2 hounds
  3 iguanas
  5 orc wizards
  7 hell rats (Lair:1)
  9 gnolls
  8 adders
  A white imp (D:5)
  An ufetubus (D:6)
  4 dart slugs
  47 orcs
  5 ball pythons
  8 endoplasms
  4 giant cockroaches
  6 goblins
  5 hobgoblins
  11 jackals (D:4)
  8 quokkas
  6 bats
  5 frilled lizards
  15 kobolds
  6 rats
326 creatures vanquished.

Vanquished Creatures (others)
  A kobold brigand (D:7)
  A gnoll (D:7)
  4 kobolds (D:7)
6 creatures vanquished.

Grand Total: 332 creatures vanquished

Notes
Turn   | Place    | Note
-------+----------+-------------------------------------------
     0 | D:1      | qw the Gargoyle Hexslinger began the quest for the Orb.
     0 | D:1      | Reached XP level 1. HP: 12/12 MP: 2/2
     0 | D:1      | 0 ||| qw: Version: 0.3-a-46-gb1f654a
     0 | D:1      | 0 ||| qw: Game counter: 2708
     0 | D:1      | 0 ||| qw: Melee chars always use a shield: true
     0 | D:1      | 0 ||| qw: God list: Okawaru
     0 | D:1      | 0 ||| qw: Allow faded altars: false
     0 | D:1      | 0 ||| qw: Do Orc after clearing Dungeon:15 true
     0 | D:1      | 0 ||| qw: Do second Lair branch before Depths: true
     0 | D:1      | 0 ||| qw: Lair rune preference: random
     0 | D:1      | 0 ||| qw: Goals: Normal
     0 | D:1      | 0 ||| PLANNING D:1-11
   154 | D:1      | Reached XP level 2. HP: 15/16 MP: 3/3
   261 | D:1      | 261 ||| FLEEEEING.
   271 | D:1      | Reached skill level 3 in Ranged Weapons
   452 | D:1      | Reached XP level 3. HP: 18/21 MP: 4/4
   796 | D:1      | 796 ||| UPGRADING to +4 ring of protection.
   797 | D:1      | 797 ||| READING scroll labelled MAAQUI JURAE.
   798 | D:1      | 798 ||| READING scroll labelled AMUXEX SAIGE.
   799 | D:1      | 799 ||| READING 2 scrolls labelled GOGIN MI ZAKH.
   800 | D:1      | 800 ||| READING scroll labelled BECWASAVVO.
   801 | D:1      | 801 ||| DROPPING scroll of poison.
   802 | D:1      | 802 ||| DROPPING scroll of amnesia.
   872 | D:2      | You fall into a shaft and drop 1 floor!
   907 | D:3      | 907 ||| READING scroll labelled VOIMAE POOKH.
   949 | D:2      | Found Ziarol's Antique Weapon Shoppe.
  1012 | D:2      | Found Omivagg's Distillery.
  1036 | D:2      | Reached XP level 4. HP: 26/26 MP: 5/5
  1048 | D:2      | Reached skill level 4 in Ranged Weapons
  1054 | D:2      | 1054 ||| BUYING potion of curing (42 gold).
  1054 | D:2      | Bought a potion of curing for 42 gold pieces
  1054 | D:2      | 1054 ||| SHOPLISTING potion of curing (42 gold, have 26).
  1054 | D:2      | 1054 ||| SHOPLISTING potion of heal wounds (70 gold, have
                  | 26).
  1142 | D:2      | Found a white marble altar of Elyvilon.
  1166 | D:2      | Found Zeruiggy's General Store.
  1630 | D:2      | Found Axyuw's Book Emporium.
  1690 | D:2      | Reached XP level 5. HP: 30/30 MP: 6/6
  1723 | D:2      | Found Aphel's Magic Scroll Shoppe.
  1726 | D:2      | 1726 ||| SHOPLISTING 3 scrolls of enchant armour (225 gold,
                  | have 39).
  1726 | D:2      | 1726 ||| BUYING scroll of identify (20 gold).
  1726 | D:2      | Bought a scroll of identify for 20 gold pieces
  1726 | D:2      | 1726 ||| SHOPLISTING scroll of identify (20 gold, have 19).
  1726 | D:2      | 1726 ||| UPGRADING to +1 pair of boots.
  1731 | D:2      | 1731 ||| UPGRADING to +0 ring mail of fire resistance.
  1741 | D:2      | 1741 ||| DROPPING +0 robe.
  1742 | D:2      | 1742 ||| UPGRADING to +6 ring of dexterity.
  1743 | D:2      | 1743 ||| READING scroll labelled WYAZIM UHUILI.
  1744 | D:2      | 1744 ||| READING scroll labelled YDIMUDWE DILU.
  1745 | D:2      | 1745 ||| READING 2 scrolls of identify.
  1745 | D:2      | 1745 ||| IDENTIFYING fuming coppery potion
  1784 | D:3      | Reached skill level 1 in Armour
  1818 | D:3      | 1818 ||| READING scroll of enchant armour.
  1818 | D:3      | 1818 ||| ENCHANTING +1 pair of boots.
  2158 | D:3      | Found a hazy altar of Hepliaklqana.
  2268 | D:3      | Found an ancient bone altar of Kikubaaqudgha.
  2274 | D:3      | Found a sparkling altar of Nemelex Xobeh.
  2456 | D:4      | Reached skill level 5 in Ranged Weapons
  2766 | D:4      | Found an iron altar of Okawaru.
  2767 | D:4      | 2767 ||| PLANNING OKAWARU WORSHIP
  2767 | D:4      | 2767 ||| UPGRADING to amulet of reflection.
  2772 | D:4      | 2772 ||| READING 2 scrolls of identify.
  2772 | D:4      | 2772 ||| IDENTIFYING metallic yellow potion
  2775 | D:4      | Became a worshipper of Warmaster Okawaru
  2776 | D:4      | 2776 ||| PLANNING D:1-11
  2997 | D:4      | 2997 ||| DRINKING 2 orange potions.
  2998 | D:4      | 2998 ||| DRINKING 2 smoky white potions.
  2999 | D:4      | 2999 ||| DROPPING potion of brilliance.
  3000 | D:4      | 3000 ||| DROPPING potion of attraction.
  3013 | D:5      | Entered Level 5 of the Dungeon
  3049 | D:5      | Reached skill level 3 in Fighting
  3049 | D:5      | Reached XP level 6. HP: 25/38 MP: 7/7
  3333 | D:5      | Noticed Prince Ribbit
  3357 | D:5      | Killed Prince Ribbit
  3357 | D:5      | Reached * piety under Okawaru
  3358 | D:5      | Reached skill level 6 in Ranged Weapons
  3358 | D:5      | Reached XP level 7. HP: 19/42 MP: 8/8
  3518 | D:5      | 3518 ||| Stepping ~*~*~tactically~*~*~ (outnumbered).
  3522 | D:5      | 3522 ||| Stepping ~*~*~tactically~*~*~ (outnumbered).
  3531 | D:5      | 3531 ||| INVOKING Heroism.
  3536 | D:5      | Reached skill level 1 in Invocations
  3542 | D:5      | 3542 ||| INVOKING Heroism.
  3610 | D:5      | Found a staircase to the Ecumenical Temple.
  3639 | D:5      | 3639 ||| INVOKING Heroism.
  3643 | D:5      | Reached skill level 7 in Ranged Weapons
  3715 | D:5      | Noticed a torpor snail
  3716 | D:5      | Found a snail-covered altar of Cheibriados.
  3717 | D:5      | Noticed a torpor snail
  3717 | D:5      | Noticed a torpor snail
  3806 | D:5      | Identified the +3 chain mail "Rigal" {Rampage rF+ Int+4
                  | Stlth-}
  3997 | D:5      | 3997 ||| READING scroll labelled PIESHR DUORO.
  3998 | D:5      | 3998 ||| READING 2 scrolls of identify.
  3998 | D:5      | 3998 ||| IDENTIFYING sapphire potion
  4095 | D:6      | 4095 ||| Stepping ~*~*~tactically~*~*~ (outnumbered).
  4106 | D:6      | 4106 ||| DRINKING 3 potions of curing.
  4106 | D:6      | 4106 ||| (to cure confusion)
  4111 | D:6      | 4111 ||| INVOKING Heroism.
  4216 | D:6      | Reached XP level 8. HP: 41/48 MP: 9/9
  4216 | D:6      | 4216 ||| FLEEEEING.
  4217 | D:6      | 4217 ||| FLEEEEING.
  4218 | D:6      | 4218 ||| FLEEEEING.
  4219 | D:6      | 4219 ||| FLEEEEING.
  4220 | D:6      | 4220 ||| FLEEEEING.
  4221 | D:6      | 4221 ||| FLEEEEING.
  4222 | D:6      | 4222 ||| FLEEEEING.
  4223 | D:6      | 4223 ||| FLEEEEING.
  4224 | D:6      | 4224 ||| FLEEEEING.
  4225 | D:6      | 4225 ||| FLEEEEING.
  4251 | D:6      | 4251 ||| INVOKING Heroism.
  4255 | D:6      | Reached skill level 8 in Ranged Weapons
  4287 | D:6      | 4287 ||| INVOKING Heroism.
  4356 | D:6      | 4356 ||| INVOKING Heroism.
  4593 | D:6      | 4593 ||| INVOKING Heroism.
  5044 | D:6      | Found a shimmering altar of Xom.
  5044 | D:6      | Found a burning altar of Makhleb.
  5066 | D:6      | Reached skill level 9 in Ranged Weapons
  5070 | D:6      | 5070 ||| READING scroll labelled ZUWIOCATHRI.
  5073 | D:6      | 5073 ||| READING scroll labelled TITRESOUZITZ.
  5204 | D:7      | Reached skill level 3 in Invocations
  5290 | D:7      | Reached skill level 6 in Fighting
  5290 | D:7      | Reached XP level 9. HP: 51/55 MP: 11/11
  5469 | D:7      | 5469 ||| INVOKING Heroism.
  5504 | D:7      | 5504 ||| INVOKING Heroism.
  5508 | D:7      | HP: 13/55 [gnoll sergeant/+0 trident (7)]
  5508 | D:7      | HP: 2/55 [gnoll/+0 halberd[a gnoll sergeant] (11)]
  5509 | D:7      | 5509 ||| DRINKING 3 potions of heal wounds.
  5625 | D:7      | 5625 ||| SWAPPING to +0 shortbow.
  5626 | D:7      | 5626 ||| DROPPING +2 sling.
  5932 | D:7      | Reached skill level 10 in Ranged Weapons
  6068 | D:7      | Reached ** piety under Okawaru
  6069 | D:7      | Reached skill level 3 in Dodging
  6105 | D:7      | 6105 ||| SWAPPING to +0 orcbow.
  6106 | D:7      | 6106 ||| DROPPING +0 shortbow.
  6272 | D:7      | Noticed a troll
  6273 | D:7      | 6273 ||| INVOKING Heroism.
  6280 | D:7      | Killed a troll
  6373 | D:7      | 6373 ||| READING 2 scrolls of identify.
  6373 | D:7      | 6373 ||| IDENTIFYING dark potion
  6396 | D:8      | 6396 ||| INVOKING Heroism.
  6477 | D:8      | Found a stormy altar of Qazlal.
  6691 | D:8      | Noticed a hornet
  6704 | D:8      | Killed a hornet
  6756 | D:8      | Found a flagged portal.
  6757 | D:8      | 6757 ||| INVOKING Heroism.
  6762 | D:8      | Reached XP level 10. HP: 63/63 MP: 10/13
  6766 | D:8      | Reached skill level 11 in Ranged Weapons
  6859 | D:8      | Reached skill level 3 in Armour
  6863 | D:8      | 6863 ||| INVOKING Heroism.
  7292 | D:8      | 7292 ||| READING 3 scrolls of identify.
  7292 | D:8      | 7292 ||| IDENTIFYING smoky black potion
  7293 | D:8      | 7293 ||| READING 2 scrolls of identify.
  7293 | D:8      | 7293 ||| IDENTIFYING fuming blue potion
  7294 | D:8      | 7294 ||| DROPPING potion of lignification.
  7359 | D:9      | 7359 ||| Stepping ~*~*~tactically~*~*~ (outnumbered).
  7366 | D:9      | Reached *** piety under Okawaru
  7377 | D:9      | 7377 ||| INVOKING Heroism.
  7408 | D:9      | 7408 ||| FLEEEEING.
  7409 | D:9      | 7409 ||| FLEEEEING.
  7410 | D:9      | 7410 ||| FLEEEEING.
  7411 | D:9      | 7411 ||| FLEEEEING.
  7412 | D:9      | 7412 ||| FLEEEEING.
  7413 | D:9      | 7413 ||| FLEEEEING.
  7414 | D:9      | 7414 ||| FLEEEEING.
  7415 | D:9      | 7415 ||| FLEEEEING.
  7416 | D:9      | 7416 ||| FLEEEEING.
  7417 | D:9      | 7417 ||| FLEEEEING.
  7418 | D:9      | 7418 ||| FLEEEEING.
  7419 | D:9      | 7419 ||| STAIRDANCE
  7608 | D:9      | 7608 ||| FLEEEEING.
  7613 | D:9      | 7613 ||| FLEEEEING.
  7614 | D:9      | 7614 ||| FLEEEEING.
  7615 | D:9      | 7615 ||| FLEEEEING.
  7616 | D:9      | 7616 ||| FLEEEEING.
  7617 | D:9      | 7617 ||| FLEEEEING.
  7625 | D:9      | 7625 ||| FLEEEEING.
  7626 | D:9      | 7626 ||| FLEEEEING.
  7627 | D:9      | 7627 ||| FLEEEEING.
  7629 | D:9      | Reached skill level 12 in Ranged Weapons
  7666 | D:9      | Found a shimmering blue altar of Sif Muna.
  7670 | D:9      | 7670 ||| INVOKING Heroism.
  7695 | D:9      | Found a bloodstained altar of Trog.
  7740 | D:9      | 7740 ||| Stepping ~*~*~tactically~*~*~ (outnumbered).
  7760 | D:9      | 7760 ||| INVOKING Heroism.
  7899 | D:9      | 7899 ||| FLEEEEING.
  7900 | D:9      | 7900 ||| FLEEEEING.
  7901 | D:9      | 7901 ||| FLEEEEING.
  7902 | D:9      | 7902 ||| FLEEEEING.
  7946 | D:9      | 7946 ||| INVOKING Heroism.
  8331 | D:9      | 8331 ||| DROPPING +0 steam dragon scales.
  8332 | D:9      | 8332 ||| UPGRADING to +0 troll leather armour.
  8342 | D:9      | 8342 ||| DROPPING ring of resist corrosion.
  8343 | D:9      | 8343 ||| READING scroll labelled PEIPHU NYREIXT.
  8372 | D:10     | Entered Level 10 of the Dungeon
  8383 | D:10     | Reached **** piety under Okawaru
  8411 | D:10     | 8411 ||| Stepping ~*~*~tactically~*~*~ (outnumbered).
  8412 | D:10     | 8412 ||| Stepping ~*~*~tactically~*~*~ (outnumbered).
  8463 | D:10     | 8463 ||| INVOKING Heroism.
  8488 | D:10     | Found a staircase to the Orcish Mines.
  8532 | D:10     | Found a transporter.
  8538 | D:10     | Found a transporter.
  8539 | D:10     | Found a transporter.
  8551 | D:10     | Noticed Joseph
  8563 | D:10     | Killed Joseph
  8564 | D:10     | Reached XP level 11. HP: 57/68 MP: 14/14
  8580 | D:10     | Found a transporter.
  8616 | D:10     | Reached skill level 13 in Ranged Weapons
  8787 | D:10     | Found a staircase to the Lair.
  8788 | D:10     | 8788 ||| INVOKING Heroism.
  8842 | D:10     | 8842 ||| Stepping ~*~*~tactically~*~*~ (outnumbered).
  9054 | D:10     | Found a radiant altar of Vehumet.
  9108 | D:10     | Identified the +3 mace of Makhleb {flame, rElec Dex+9}
  9113 | D:10     | 9113 ||| INVOKING Heroism.
  9144 | D:10     | Reached skill level 9 in Fighting
  9307 | D:10     | Noticed Snorg
  9308 | D:10     | 9308 ||| INVOKING Heroism.
  9319 | D:10     | Killed Snorg
  9385 | D:10     | 9385 ||| PLANNING LAIR
  9385 | D:10     | 9385 ||| DROPPING +1 pair of boots.
  9400 | Lair:1   | Entered Level 1 of the Lair of Beasts
  9401 | Lair:1   | 9401 ||| INVOKING Heroism.
  9414 | Lair:1   | Reached skill level 6 in Invocations
  9480 | Lair:1   | 9480 ||| INVOKING Heroism.
  9546 | Lair:1   | 9546 ||| INVOKING Heroism.
  9637 | Lair:1   | Noticed a boulder beetle
  9638 | Lair:1   | 9638 ||| INVOKING Heroism.
  9666 | Lair:1   | Killed a boulder beetle
  9717 | Lair:1   | You fall into a shaft and drop 1 floor!
  9725 | Lair:2   | Noticed a six-headed hydra
  9725 | Lair:2   | Noticed a catoblepas
  9727 | Lair:2   | 9727 ||| INVOKING Heroism.
  9739 | Lair:2   | Killed a catoblepas
  9753 | Lair:2   | HP: 13/71 [six-headed hydra (13)]
  9754 | Lair:2   | 9754 ||| READING scroll of teleportation.
  9755 | Lair:2   | 9755 ||| DRINKING 3 potions of heal wounds.
  9809 | Lair:2   | Noticed Fannar
  9814 | Lair:2   | 9814 ||| INVOKING Heroism.
  9820 | Lair:2   | Reached XP level 12. HP: 51/76 MP: 15/18
  9835 | Lair:2   | Killed Fannar
  9836 | Lair:2   | Reached skill level 14 in Ranged Weapons
  9924 | Lair:2   | 9924 ||| INVOKING Heroism.
  9940 | Lair:2   | Reached skill level 9 in Invocations
  9969 | Lair:2   | Reached ***** piety under Okawaru
 10028 | Lair:1   | 10028 ||| INVOKING Heroism.
 10356 | Lair:1   | 10356 ||| INVOKING Heroism.
 10465 | Lair:1   | 10465 ||| INVOKING Heroism.
 10528 | Lair:1   | Noticed a catoblepas
 10529 | Lair:1   | 10529 ||| INVOKING Heroism.
 10530 | Lair:1   | 10530 ||| INVOKING Finesse.
 10536 | Lair:1   | Killed a catoblepas
 11071 | Lair:1   | 11071 ||| READING scroll labelled TEHUTZ TYXKI.
 11148 | Lair:2   | Reached skill level 15 in Ranged Weapons
 11156 | Lair:2   | 11156 ||| INVOKING Heroism.
 11245 | Lair:2   | Found a staircase to the Snake Pit.
 11247 | Lair:2   | 11247 ||| Stepping ~*~*~tactically~*~*~ (outnumbered).
 11249 | Lair:2   | 11249 ||| Stepping ~*~*~tactically~*~*~ (outnumbered).
 11256 | Lair:2   | 11256 ||| INVOKING Heroism.
 11258 | Lair:2   | 11258 ||| READING scroll labelled XALATUYHEN.
 11265 | Lair:2   | Found a runed translucent door.
 11277 | Lair:2   | 11277 ||| INVOKING Heroism.
 11283 | Lair:2   | HP: 11/77 [salamander/+0 trident (14)]
 11284 | Lair:2   | 11284 ||| DRINKING 2 potions of heal wounds.
 11292 | Lair:2   | Reached skill level 6 in Dodging
 11363 | Lair:2   | 11363 ||| INVOKING Heroism.
 11565 | Lair:2   | Reached XP level 13. HP: 82/82 MP: 20/20
 11881 | Lair:2   | 11881 ||| INVOKING Heroism.
 12011 | Lair:2   | 12011 ||| UPGRADING to +0 cloak.
 12016 | Lair:2   | 12016 ||| READING scroll of enchant armour.
 12016 | Lair:2   | 12016 ||| ENCHANTING +0 cloak.
 12017 | Lair:2   | 12017 ||| READING 8 scrolls of identify.
 12017 | Lair:2   | 12017 ||| IDENTIFYING golden potion
 12026 | Lair:3   | 12026 ||| INVOKING Heroism.
 12039 | Lair:3   | 12039 ||| STAIRDANCE
 12039 | Lair:3   | HP: 12/82 [death yak (15)]
 12039 | Lair:3   | HP: 4/82 [death yak (8)]
 12039 | Lair:3   | HP: 1/82 [torpor snail (3)]
 12041 | Lair:2   | 12041 ||| DRINKING potion of heal wounds.
 12044 | Lair:2   | Mangled by a cane toad

Levels and vault maps discovered:
D:1:      minmay_arrival_four_loops, layout_basic, st_stairs_7,
          minmay_misc_feat_iff
D:2:      layout_basic, serial_shops, nicolae_lakefront_shop, shop, shop,
          shop_statue, nicolae_shop_rolled_up, basic_altar,
          minmay_misc_feat_cross, minmay_box_of_dots
D:3:      layout_basic, worldfamousw_hep_ancestral_shrine,
          mainiacjoe_overflow_big_doors
D:4:      layout_gridville, lemuel_doored_altar
D:5:      layout_basic, cheibriados_altar_2, temple_hall, dk_noncrumbling_4,
          uniq_prince_ribbit1
D:6:      layout_basic, grunt_temple_overflow_champion_of_chaos
D:7:      layout_layer_cave, serial_glass, glass_columns_c, glass_columns_b,
          kennysheep_diamond, moated_statue
D:8:      layout_basic, old_standard_altar, enter_bailey_2
D:9:      layout_roguey, nzn_overflow_gifts_of_might_and_magic
D:10:     layout_stronghold, lemuel_round_altar, grunt_lair_entry_orc_guard_hut,
          hiddenorc2_lemuel, nicolae_transporter_circle, uniq_snorg, uniq_joseph
Lair:1:   layout_cave_pods, nzn_sisyphean_effort
Lair:2:   layout_regular_city, nicolae_snake_entry_warm_welcome,
          ebering_ghost_reflecting_pool, grunt_megastairs_1, uniq_fannar
Lair:3:   layout_cellular_growth, skrybe_swamp_entry_bodies, basic_altar,
          lemuel_fruit_tree, grunt_megastairs_5

Skill      XL: |  1  2  3  4  5  6  7  8  9 10 11 12 13 |
---------------+----------------------------------------+-----
Ranged Weapons | 3 4 5 6 7 9 10 12 13 15 | 15.5
Fighting       | 2 3 4 6 7 8 9 10 | 10.0
Armour         | 1 2 3 4 |  4.4
Invocations    | 1 3 4 8 10 | 10.0
Dodging        | 2 3 4 5 6 |  6.0
Spellcasting   | |  1.0
Hexes          | |  2.6

Action                     |  1- 3 |  4- 6 |  7- 9 | 10-12 | 13-15 || total
---------------------------+-------+-------+-------+-------+-------++-------
   Fire: Sling             |   130 |   230 |   300 |       |       ||   660
         Shortbow          |       |       |    61 |       |       ||    61
         Orcbow            |       |       |    45 |   960 |    28 ||  1033
 Invoke: Heroism           |       |       |    13 |    24 |     2 ||    39
         Finesse           |       |       |       |     1 |       ||     1
    Use: Scroll            |     5 |     5 |     5 |     6 |     2 ||    23
         Potion            |       |     2 |     2 |     2 |     1 ||     7
 Armour: Robe              |    47 |    17 |       |       |       ||    64
         Ring mail         |       |    63 |   153 |    65 |       ||   281
         Troll leather arm |       |       |       |   217 |    25 ||   242
  Dodge: Dodged            |    68 |    83 |   207 |   518 |    40 ||   916
  Block: Other             |       |    15 |    89 |   152 |     9 ||   265
         Reflection        |       |       |     2 |     3 |       ||     5

Table legend:
 A = Non-vault XP
 B = Vault XP
 C = Vault XP percentage of total XP
 D = Non-vault monster count
 E = Vault monster count
 F = Vault count percentage of total count
                 A         B        C        D         E       F
            +---------+---------+-------+---------+---------+-------
      Total |   25418 |    8587 |  25.3 |     266 |      61 |  18.7
            +---------+---------+-------+---------+---------+-------
        D:1 |      38 |       1 |   2.6 |      20 |       1 |   4.8
        D:2 |     122 |       3 |   2.4 |      24 |       2 |   7.7
        D:3 |      73 |       0 |   0.0 |      17 |       0 |   0.0
        D:4 |      46 |       0 |   0.0 |      18 |       0 |   0.0
        D:5 |     520 |     277 |  34.8 |      14 |       1 |   6.7
        D:6 |     891 |      48 |   5.1 |      26 |       1 |   3.7
        D:7 |    1588 |     215 |  11.9 |      28 |       2 |   6.7
        D:8 |    1896 |       0 |   0.0 |      18 |       0 |   0.0
        D:9 |    2384 |     518 |  17.8 |      25 |       2 |   7.4
       D:10 |    1937 |    2373 |  55.1 |      11 |      38 |  77.6
     Lair:1 |    8213 |     827 |   9.1 |      42 |       1 |   2.3
     Lair:2 |    6899 |    4325 |  38.5 |      22 |      13 |  37.1
     Lair:3 |     811 |       0 |   0.0 |       1 |       0 |   0.0
            +---------+---------+-------+---------+---------+-------
